 Dungeon Crawl Stone Soup version 0.32-a0-932-g546787307d (webtiles) character file.

Game seed: 8453678638261888785

926 Ajdolov the Chiller (level 7, -5/38 (50) HPs)
             Began as an Armataur Ice Elementalist on Apr 14, 2024.
             Slain by a wight
             ... wielding a +6 halberd of freezing
              (10 damage)
             ... on level 4 of the Dungeon.
             The game lasted 00:11:34 (4474 turns).

Ajdolov the Chiller (Armataur Ice Elementalist)     Turns: 4474, Time: 00:11:34

HP:   -5/38 (50)    AC:  5    Str: 13    XL:     7   Next: 85%
MP:   6/15          EV:  8    Int: 17    God:
Gold: 196           SH:  0    Dex: 11    Spells: 7/17 levels left

rFire   . . .        u - +3 trident
rCold   . . .        (no shield)
rNeg    . . .        a - +0 robe
rPois   .            (no helmet)
rElec   .            o - +0 cloak
rCorr   .            (no gloves)
SInv    .            (no barding)
Will    .....        (no amulet)
Stlth   ++           (no ring)
HPRegen 0.26/turn    (no ring)
MPRegen 0.14/turn

%: roll
@: heavily drained
A: large, deformed body, tough skin 3, armoured tail, rollpage 2
a: no special abilities


You were on level 4 of the Dungeon.
You visited 1 branch of the dungeon, and saw 6 of its levels.

You collected 196 gold pieces.

Inventory:

Hand Weapons
 u - a +3 trident (weapon)
Missiles
 c - 16 poisoned darts
 g - 5 curare-tipped darts
 s - a throwing net
Armour
 a - a +0 robe (worn)
 o - a +0 cloak (worn)
 p - a +3 ring mail of poison resistance
Scrolls
 f - a scroll of immolation
 h - a scroll of silence
 j - a scroll of enchant weapon {unknown}
 k - a scroll of fear
 q - a scroll of poison
 r - a scroll of revelation
Potions
 b - a potion of magic
 d - 2 potions of heal wounds {unknown}
 i - 2 potions of might {unknown}
 m - a potion of curing {unknown}
 n - a potion of degeneration {unknown}
 t - a potion of enlightenment {unknown}


   Skills:
 - Level 1.3 Dodging
 - Level 2.1 Stealth
 + Level 5.5 Spellcasting
 + Level 6.9 Ice Magic


You had 7 spell levels left.
You knew the following spells:

 Your Spells              Type           Power      Damage    Failure   Level
a - Freeze                Ice            100%       1d10      1%          1
b - Frozen Ramparts       Ice            56%        1d9       2%          3
c - Ozocubu's Armour      Ice            28%        N/A       2%          3
d - Summon Ice Beast      Ice/Summ       16%        N/A       10%         3

Your spell library contained the following spells:

 Spells                   Type           Power      Damage    Failure   Level
 Ensorcelled Hibernation  Hex/Ice        32%        N/A       4%          2
 Necrotise                Necr           16%        1d4       14%         1
 Slow                     Hex            16%        N/A       14%         1
 Confusing Touch          Hex            4%         N/A       38%         3
 Dazzling Flash           Conj/Hex       8%         N/A       38%         3
 Mephitic Cloud           Conj/Alch/Air  4%         N/A       38%         3
 Passwall                 Erth           4%         N/A       38%         3
 Swiftness                Air            4%         N/A       38%         3
 Vampiric Draining        Necr           4%         2d6       38%         3
 Animate Armour           Summ/Erth      8%         N/A       80%         4
 Fulminant Prism          Conj/Alch      2%         3d5       80%         4
 Martyr's Knell           Necr/Summ      4%         N/A       80%         4
 Summon Lightning Spire   Summ/Air       4%         N/A       80%         4
 Curse of Agony           Necr           4%         N/A       98%         5
 Lee's Rapid Deconstruct  Erth           2%         3d4*      98%         5
 Starburst                Conj/Fire      2%         6d3       100%        6
 Manifold Assault         Tloc           2%         N/A       100%        7
 Maxwell's Capacitive Co  Air            2%         ∞         100%        8


Dungeon Overview and Level Annotations

Branches:
Dungeon (6/15)
 Temple: D:4-7

Altars:

Annotations:
D:6 Grinder


Innate Abilities, Weirdness & Mutations

Armour fits poorly on your strangely shaped body.
You have extremely tough skin. (AC +3)
You have a long armoured tail.
You regenerate magic and health when rolling toward enemies. (Rampage Regen)


Message History

The wight completely resists.
The wall freezes the wight but does no damage.
You barely miss the wight.
The wight is severely damaged.
The wall freezes the wight but does no damage.
The wight barely misses you.
The wight resists.
The wall freezes the wight.
You hit the wight.
The wight is severely damaged.
The frozen ramparts melt away.
The wight hits you but does no damage. x2
Unknown command.
You hit the wight.
You destroy the wight!
You closely miss the wight.
The wight is lightly damaged.
The wight hits you with a +4 dagger.
You hit the wight but do no damage.
You tail-slap the wight, but do no damage.
The wight is lightly damaged.
The wight barely misses you. x2
You hit the wight but do no damage. You tail-slap the wight.
The wight is moderately damaged.
The wight barely misses you.
The wight hits you from afar with a +6 halberd of freezing!
You feel drained. The wight freezes you.
Your icy armour cracks and falls away as you move.
The wight attacks as it pursues you! The wight barely misses you.
You see here a +0 trident.
You see here a +0 club.
The wight attacks as it pursues you! The wight barely misses you.
The wight attacks as it pursues you! The wight hits you with a +4 dagger!
The wight attacks as it pursues you! The wight closely misses you.
Casting: Ozocubu's Armour (dangerous; 2% risk of failure)
Confirm with . or Enter, or press ? or * to list all spells.
A chill wind blows around you. The wight hits you with a +4 dagger.
You feel drained.
The wight hits you from afar with a +6 halberd of freezing!!
Ouch! That really hurt!
* * * LOW HITPOINT WARNING * * *
You feel drained.
You die...

####.# #..#
####....############..#
..........)........#..#
####.#############.#..#######
.....# #.#........#####
###z.# ### #...............
#..#####.## ####$#####.#####
###<........#########[#
##...###
.....###.......Y@zz)).#
#.....##
.............##########
#.....## ###.######.#.#
#.....## # #.# ###.# ##...###
###.# #.# ##.## # .##.# #.#
#.# # ....# #####.###### #.#
# .##### #..........# #.# #
.....# #.###.####.# #.#


You could see 2 wights and a friendly ice beast (summoned).

Vanquished Creatures
  A water moccasin (D:6)
  2 scorpions
  2 wights (D:4)
  A bombardier beetle (D:4)
  A hound (D:4)
  2 orc priests (D:4)
  3 sleepcaps
  Natasha (thrice) (D:2)
  Terence (D:2)
  An orc wizard (D:4)
  6 adders
  2 ufetubi (D:4)
  3 dart slugs
  2 ribbon worms (D:2)
  9 orcs
  6 bats
  6 endoplasms
  3 giant cockroaches (D:1)
  4 goblins
  7 hobgoblins
  4 jackals (D:1)
  2 quokkas
  7 ball pythons
  A frilled lizard (D:1)
  7 kobolds
  4 rats
90 creatures vanquished.

Vanquished Creatures (collateral kills)
  A scorpion (D:4)
  A wight (D:3)
2 creatures vanquished.

Grand Total: 92 creatures vanquished

Notes
Turn   | Place    | Note
-------+----------+-------------------------------------------
     0 | D:1      | Ajdolov the Armataur Ice Elementalist began the quest for
                  | the Orb.
     0 | D:1      | Reached XP level 1. HP: 14/14 MP: 3/3
    98 | D:1      | Reached XP level 2. HP: 19/20 MP: 3/5
   118 | D:1      | Got the Codex of Limned Places
   269 | D:1      | Reached skill level 4 in Ice Magic
   336 | D:1      | Reached XP level 3. HP: 18/26 MP: 0/6
   720 | D:1      | Learned a level 3 spell: Frozen Ramparts
   724 | D:1      | Learned a level 3 spell: Ozocubu's Armour
   940 | D:2      | Noticed Terence
  1088 | D:2      | Noticed Natasha
  1091 | D:2      | Reached XP level 4. HP: 33/33 MP: 4/8
  1120 | D:2      | Killed Natasha
  1276 | D:2      | Noticed Natasha
  1282 | D:2      | Killed Natasha
  1366 | D:2      | Reached XP level 5. HP: 38/38 MP: 9/9
  1458 | D:2      | Killed Terence
  1884 | D:2      | Noticed Natasha
  1892 | D:2      | Killed Natasha
  1893 | D:2      | Reached skill level 5 in Ice Magic
  1980 | D:3      | Found a faded altar of an unknown god.
  2099 | D:3      | You fall into a shaft and drop 3 floors!
  2172 | D:6      | Noticed a water moccasin
  2181 | D:6      | Noticed Grinder
  2252 | D:6      | Killed a water moccasin
  2253 | D:6      | Reached XP level 6. HP: 45/45 MP: 0/12
  2341 | D:5      | Entered Level 5 of the Dungeon
  2591 | D:3      | Learned a level 3 spell: Summon Ice Beast
  3259 | D:4      | Reached skill level 6 in Ice Magic
  3259 | D:4      | Gained mutation: You regenerate magic and health when
                  | rolling toward enemies. (Rampage Regen) [Armataur growth]
  3259 | D:4      | Reached XP level 7. HP: 50/50 MP: 7/14
  3507 | D:4      | Reached skill level 5 in Spellcasting
  4474 | D:4      | Slain by a wight

Illustrated notes

Levels and vault maps discovered:
D:1:      minmay_arrival_diagonal_passages, layout_basic, minmay_vboxes
D:2:      layout_basic, uniq_natasha, uniq_terence
D:3:      layout_rooms, shapermc_ecumenical_altar_petra
D:4:      layout_loops_ring
D:5:      layout_layer_cave, old_standard_altar, minmay_temple_entry_large_hall,
          grunt_ministairs_6, serial_bayou_lake_a, uniq_menkaure
D:6:      layout_basic, minmay_tree_intersection, uniq_grinder

Skill      XL: |  1  2  3  4  5  6  7 |
---------------+----------------------+-----
Spellcasting   | 2 3 4 5 |  5.5
Ice Magic      | 4 5 6 |  6.9
Dodging        | |  1.3
Stealth        | |  2.1

Action                     |  1- 3 |  4- 6 |  7- 9 || total
---------------------------+-------+-------+-------++-------
  Melee: Unarmed           |     4 |       |       ||     4
         Dagger            |    41 |     2 |       ||    43
         Tailslap          |     5 |     8 |     5 ||    18
         Short sword       |       |    49 |    24 ||    73
         Trident           |       |       |    13 ||    13
   Cast: Freeze            |    49 |    13 |     5 ||    67
         Frozen Ramparts   |     4 |    16 |     8 ||    28
         Ozocubu's Armour  |       |    12 |     5 ||    17
         Summon Ice Beast  |       |     3 |     7 ||    10
    Use: Scroll            |       |     6 |     1 ||     7
   Stab: Sleeping          |     3 |     2 |       ||     5
 Armour: Robe              |    83 |    51 |    51 ||   185
  Dodge: Dodged            |    58 |    20 |    25 ||   103

Table legend: (Time is in decaauts)
 A = Elapsed time spent in this place.
 B = Non-inter-level travel time spent in this place.
 C = Inter-level travel time spent in this place.
 D = Time resting spent in this place.
 E = Time spent auto-exploring this place.
 F = Levels seen in this place.
 G = Mean time per level.
                   A        B        C        D        E       F      G
               +--------+--------+--------+--------+--------+-----+--------+
         Total |   4451 |   4301 |    150 |    667 |   2550 |   6 |  741.8 |
       Dungeon |   4451 |   4301 |    150 |    667 |   2550 |   6 |  741.8 |
               +--------+--------+--------+--------+--------+-----+--------+

Top non-repeatable levels by time:
     D:4: 1413 daAuts
     D:2: 1151 daAuts
     D:1: 811 daAuts
     D:3: 755 daAuts
     D:6: 240 daAuts
     D:5: 79 daAuts
